 Dungeon Crawl Stone Soup version 0.31-a0-654-gbe3e110b4e (webtiles) character file.

Game seed: 1529452395216707630

23 thirtiethelement the Grave Robber (level 2, 0/19 HPs)
             Began as a Demonspawn Necromancer on Aug 29, 2023.
             Slain by an endoplasm (3 damage)
             ... on level 1 of the Dungeon.
             The game lasted 00:01:11 (276 turns).

thirtiethelement the Grave Robber (DsNe)             Turns: 276, Time: 00:01:12

Health: 0/19       AC:  4    Str:  8    XL:     2   Next: 75%
Magic:  0/5        EV: 12    Int: 16    God:
Gold:   55         SH:  0    Dex: 13    Spells: 4/5 levels left

rFire   . . .        c - +0 dagger
rCold   . . .        (no shield)
rNeg    . . .        a - +0 robe
rPois   .            (no helmet)
rElec   .            (no cloak)
rCorr   .            (no gloves)
SInv    .            (no boots)
Will    .....        (no amulet)
Stlth   ++           (no ring)
HPRegen 0.23/turn    (no ring)
MPRegen 0.09/turn

%: no passive effects
@: no status effects
A: thin metallic scales 1
a: no special abilities


You were on level 1 of the Dungeon.
You visited 1 branch of the dungeon, and saw 1 of its levels.

You collected 55 gold pieces.

Inventory:

Hand Weapons
 c - a +0 dagger (weapon)
Armour
 a - a +0 robe (worn)
Potions
 b - a potion of magic


   Skills:
 + Level 2.1 Dodging
 + Level 1.8 Stealth
 + Level 2.1 Spellcasting
 + Level 5.0 Necromancy


You had 4 spell levels left.
You knew the following spells:

 Your Spells              Type           Power      Damage    Failure   Level
a - Necrotise             Necr           68%        1d7       2%          1

Your spell library contained the following spells:

 Spells                   Type           Power      Damage    Failure   Level
 Vampiric Draining        Necr           17%        2d7       8%          3
 Animate Dead             Necr           17%        N/A       26%         4
 Agony                    Necr           17%        N/A       56%         5


Dungeon Overview and Level Annotations

Branches:
Dungeon (1/15)

Altars:


Innate Abilities, Weirdness & Mutations

You are partially covered in thin metallic scales. (AC +2)


Message History

Casting: Necrotise (safe; 2% risk of failure)
Confirm with . or Enter, or press ? or * to list all spells.
Aiming: Necrotise (safe; 2% risk of failure)
Press: ? - help, Shift-Dir - straight line, f/p - goblin
Aim: a goblin, wielding a +0 dagger (heavily wounded, chance to affect: 87%)
The goblin writhes in agony.
You kill the goblin!
The dead are walking!
The endoplasm barely misses you.
The endoplasm hits your goblin skeleton.
The endoplasm hits your goblin skeleton.
Your ball python skeleton bites the endoplasm.
You hit the endoplasm.
The endoplasm is severely wounded.
Your goblin skeleton completely misses the endoplasm.
The endoplasm freezes you.
You are frozen.
The endoplasm closely misses your goblin skeleton.
Your ball python skeleton bites the endoplasm but does no damage.
You hit the endoplasm but do no damage.
The endoplasm is severely wounded.
The goblin hits your goblin skeleton with a +0 club.
Your goblin skeleton is destroyed!
The endoplasm freezes you.
You are frozen.
* * * LOW HITPOINT WARNING * * *
Your ball python skeleton bites the endoplasm.
You hit the endoplasm but do no damage.
The endoplasm is almost dead.
The endoplasm closely misses you.
Your ball python skeleton bites the endoplasm.
The endoplasm dies!
Casting: Necrotise (safe; 2% risk of failure)
Confirm with . or Enter, or press ? or * to list all spells.
Aiming: Necrotise (safe; 2% risk of failure)
Press: ? - help, Shift-Dir - straight line, f - goblin
Aim: a goblin, wielding a +0 club (chance to affect: 87%)
The goblin writhes in agony.
You kill the goblin!
The dead are walking!
The endoplasm hits you.
You die...

...#...## .........
.########....... #
................ #.
##.............. ###..
##...............
......####..............†.
........Z@................
......##.J.#..............
###...#Z)#................
..........................
###.......................
##...#.............#....
.............>......###..
##...#..........##....#..
...##............##.#....


You could see an endoplasm (ally target), a friendly ball python skeleton and a
friendly goblin skeleton.

Vanquished Creatures
  A gnoll (D:1)
  An endoplasm (D:1)
  A giant cockroach (D:1)
  4 goblins (D:1)
  A quokka (D:1)
  3 ball pythons (D:1)
  A frilled lizard (D:1)
12 creatures vanquished.

Vanquished Creatures (collateral kills)
  An endoplasm (D:1)
  A giant cockroach (D:1)
2 creatures vanquished.

Grand Total: 14 creatures vanquished

Notes
Turn   | Place    | Note
-------+----------+-------------------------------------------
     0 | D:1      | thirtiethelement the Demonspawn Necromancer began the quest
                  | for the Orb.
     0 | D:1      | Reached XP level 1. HP: 13/13 MP: 3/3
   108 | D:1      | Gained mutation: You are partially covered in thin metallic
                  | scales. (AC +2) [demonic ancestry]
   108 | D:1      | Reached XP level 2. HP: 19/19 MP: 0/5
   259 | D:1      | Reached skill level 5 in Necromancy
   276 | D:1      | Slain by an endoplasm

Illustrated notes

Levels and vault maps discovered:
D:1:      orjb1_lava_funnel, layout_rooms, minmay_quantized

Skill      XL: |  1  2 |
---------------+-------+-----
Dodging        | 2 |  2.1
Necromancy     | 5 |  5.0
Stealth        | |  1.8
Spellcasting   | |  2.1

Action                     || total
---------------------------++-------
  Melee: Dagger            ||    37
         Punch             ||     1
   Cast: Necrotise         ||    17
   Stab: Sleeping          ||     1
 Armour: Robe              ||     9
  Dodge: Dodged            ||    32

Table legend: (Time is in decaauts)
 A = Elapsed time spent in this place.
 B = Non-inter-level travel time spent in this place.
 C = Inter-level travel time spent in this place.
 D = Time resting spent in this place.
 E = Time spent auto-exploring this place.
 F = Levels seen in this place.
 G = Mean time per level.
                   A        B        C        D        E       F      G
               +--------+--------+--------+--------+--------+-----+--------+
         Total |    275 |    275 |      0 |      0 |    185 |   1 |  275.0 |
       Dungeon |    275 |    275 |      0 |      0 |    185 |   1 |  275.0 |
               +--------+--------+--------+--------+--------+-----+--------+

Top non-repeatable levels by time:
     D:1: 275 daAuts
